 Dungeon Crawl Stone Soup version 0.20-a0-1117-g62da73f (webtiles) character file.

1406 JeffiDaFish the Cudgeler (level 8, -2/49 HPs)
             Began as a Gargoyle Fighter on May 9, 2017.
             Slain by jujuben's ghost (14 damage)
             ... on level 6 of the Dungeon.
             The game lasted 00:11:26 (4807 turns).

JeffiDaFish the Cudgeler (Gargoyle Fighter)         Turns: 4807, Time: 00:11:26

Health: -2/49      AC: 12    Str: 25    XL:     8   Next: 70%
Magic:  8/8        EV:  9    Int:  8    God:
Gold:   341        SH: 11    Dex: 14    Spells: 5/7 levels left

rFire    . . .     SeeInvis .   a - +0 flail
rCold    . . .     Gourm    .   c - +0 shield
rNeg     + . .     Faith    .   b - +0 scale mail
rPois    ∞         Spirit   .   (helmet restricted)
rElec    +         Reflect  .   (no cloak)
rCorr    .         Harm     .   (no gloves)
MR       +....                  (no boots)
Stlth    ..........             o - amulet of rage
Regen    0.2/turn               t - +4 ring of strength
MPRegen  0.2/turn               m - +3 ring of dexterity

@: no status effects
A: horns 1, magic resistance 1, negative energy resistance 1, electricity
resistance, unbreathing, petrification resistance, rot immunity, AC +5
a: Evoke Berserk Rage


You were on level 6 of the Dungeon.
You were hungry.

You visited 1 branch of the dungeon, and saw 6 of its levels.

You collected 341 gold pieces.

Inventory:

Hand Weapons
 a - a +0 flail (weapon)
Armour
 b - a +0 scale mail (worn)
 c - a +0 shield (worn)
Jewellery
 e - an uncursed ring of positive energy
 m - a +3 ring of dexterity (right hand)
 o - an amulet of rage (around neck)
 t - a +4 ring of strength (left hand)
Wands
 l - a wand of acid (0/15)
 v - a wand of lightning (9/15)
Scrolls
 g - a scroll of fog
 j - 3 scrolls of remove curse
 r - 2 scrolls of teleportation
 s - 2 scrolls of identify
Potions
 n - a potion of flight
 p - a potion of resistance
 q - 2 potions of curing
Books
 u - a book of Air

   Spells                             Type                      Level
   a - Shock                          Conjuration/Air              1
   b - Swiftness                      Charms/Air                   2
   c - Static Discharge               Conjuration/Air              3
   d - Airstrike                      Air                          4
   e - Lightning Bolt                 Conjuration/Air              5
Comestibles
 d - 2 chunks of flesh
 f - 4 bread rations
 i - 2 meat rations
 k - 2 royal jellies


   Skills:
 + Level 5.0 Fighting
 + Level 6.7 Maces & Flails
 + Level 5.5 Armour
 + Level 2.1 Dodging
 + Level 1.2 Stealth
 + Level 6.5 Shields
 + Level 0.1 Evocations


You had 5 spell levels left.
You knew the following spells:

 Your Spells              Type           Power        Failure   Level  Hunger
a - Swiftness             Chrm/Air       #.......     99%         2    ###....


Dungeon Overview and Level Annotations

Branches:
Dungeon (6/15)
 Temple: D:4-7

Altars:
Ashenzari
Sif Muna
Yredelemnul

Annotations:
D:6 jujuben's ghost, novice TrWr


Innate Abilities, Weirdness & Mutations

You are resistant to torment.
Your stone body is resilient. (AC +5)
You are immune to poison.
You resist negative energy. (rN+)
You are resistant to electric shocks. (rElec)
You can survive without breathing.
You are immune to petrification.
You are immune to rotting.
You have a pair of small horns on your head.
You are resistant to hostile enchantments. (MR+)


Message History

You hit jujuben's ghost.
Jujuben's ghost's shroud falls apart!
Jujuben's ghost is heavily damaged.
Jujuben's ghost hits you.
You hit jujuben's ghost.
Jujuben's ghost is severely damaged.
You block jujuben's ghost's attack.
You hit jujuben's ghost.
Jujuben's ghost is severely damaged.
Jujuben's ghost hits you!
You closely miss jujuben's ghost. Your headbutt misses jujuben's ghost.
Jujuben's ghost is severely damaged.
Jujuben's ghost gestures wildly while chanting.
Space distorts along a thin shroud covering jujuben's ghost's form.
Jujuben's ghost hits you!
* * * LOW HITPOINT WARNING * * *
You hit jujuben's ghost.
You headbutt jujuben's ghost, but do no damage.
Jujuben's ghost is severely damaged.
Jujuben's ghost hits you!
You die...

..........# #.# #.#
...$......# #.# #.#
...W<.....# #.# #.#
..[.Z.....# #.# #.#
......(...# #.# #<#
###....#..#. #.# #.#
+..... .... #.# #.#
#....#..#.#.#########.#
#.#
+..........ZcW@((((...#
#.#
#....##?###.###########
#.# .. #.# ..# #######
#(# <. #<....# #.# #
#####.# #.# #.# #.# #.#
#.# #.# #.#


You could see a centaur, jujuben's ghost and an adder skeleton.

Vanquished Creatures
  The ghost of grandjackal the Skirmisher, a novice DsGl (D:5)
  Grinder (D:6)
  2 ogres (D:5)
  2 centaurs
  A scorpion (D:4)
  A hound (D:5)
  A bullfrog skeleton (D:4)
  2 orc wizards (D:4)
  Jessica (D:3)
  4 worker ants
  A hound skeleton (D:6)
  8 gnolls (D:5)
  9 adders
  A shadow imp (D:5)
  An ooze (D:3)
  2 adder skeletons (D:5)
  3 worms
  2 dart slugs
  3 leopard geckos
  4 orcs
  2 ball pythons (D:1)
  5 bats
  5 giant cockroaches
  9 hobgoblins
  7 jackals (D:5)
  7 kobolds
  2 quokkas (D:2)
  6 frilled lizards
  17 goblins
  A quokka skeleton (D:4)
  4 rats
  A spectral orc (D:5)
116 creatures vanquished.

Notes
Turn   | Place    | Note
-------+----------+-------------------------------------------
     0 | D:1      | JeffiDaFish the Gargoyle Fighter began the quest for the Orb.
     0 | D:1      | Reached XP level 1. HP: 14/14 MP: 1/1
   123 | D:1      | Reached XP level 2. HP: 17/19 MP: 2/2
   614 | D:1      | Reached XP level 3. HP: 19/24 MP: 3/3
  1271 | D:2      | Reached XP level 4. HP: 29/29 MP: 4/4
  1498 | D:2      | Found a shattered altar of Ashenzari.
  1508 | D:2      | Gained mutation: You are resistant to hostile enchantments. (MR+) [potion of mutation]
  1508 | D:2      | Gained mutation: You have a pair of small horns on your head. [potion of mutation]
  2051 | D:3      | Noticed Jessica
  2057 | D:3      | Killed Jessica
  2057 | D:3      | Reached skill level 1 in Dodging
  2057 | D:3      | Reached XP level 5. HP: 33/33 MP: 5/5
  2065 | D:3      | Noticed a centaur
  2079 | D:3      | Killed a centaur
  2239 | D:3      | Reached XP level 6. HP: 38/38 MP: 6/6
  3309 | D:4      | Reached skill level 5 in Shields
  3309 | D:4      | Reached XP level 7. HP: 34/43 MP: 7/7
  3570 | D:5      | Entered Level 5 of the Dungeon
  3605 | D:5      | Learned a level 2 spell: Swiftness
  3694 | D:5      | Reached skill level 5 in Maces & Flails
  3847 | D:5      | Noticed grandjackal's ghost (novice DsGl)
  3868 | D:5      | Killed grandjackal's ghost
  3868 | D:5      | Reached skill level 5 in Armour
  3868 | D:5      | Reached skill level 1 in Stealth
  3868 | D:5      | Reached XP level 8. HP: 35/48 MP: 8/8
  4008 | D:5      | Found a deep blue altar of Sif Muna.
  4232 | D:5      | Found a basalt altar of Yredelemnul.
  4423 | D:6      | Noticed jujuben's ghost (novice TrWr)
  4721 | D:6      | Noticed Grinder
  4735 | D:6      | Killed Grinder
  4735 | D:6      | Reached skill level 5 in Fighting
  4807 | D:6      | Slain by jujuben's ghost

Vault maps used:
D:1:      dpeg_arrival_boxorama
D:2:      cheibrodos_greedy_goblins, nicolae_overflow_crystal_walls,
          serial_bayou_lagoon_b
D:3:      first_bread, grunt_decor_cap, uniq_jessica
D:5:      lemuel_round_altar, yredelemnul_forgotten_temple_becter
D:6:      kennysheep_mini_moat, uniq_grinder

Skill      XL: |  1  2  3  4  5  6  7  8 |
---------------+-------------------------+-----
Armour         | 4 5 |  5.5
Maces & Flails | 3 4 6 |  6.7
Shields        | 4 5 6 |  6.5
Dodging        | 1 2 |  2.1
Fighting       | 4 5 |  5.0
Stealth        | 1 |  1.2
Evocations     | |  0.1

Action                   |  1- 3 |  4- 6 |  7- 9 || total
-------------------------+-------+-------+-------++-------
Melee: Flail             |   196 |   177 |   135 ||   508
       Headbutt          |       |    26 |    29 ||    55
Evoke: Wand              |       |       |     2 ||     2
  Use: Scroll            |     5 |     2 |       ||     7
       Potion            |     4 |     2 |     4 ||    10
  Eat: Chunk             |     2 |     7 |     4 ||    13
Armor: Scale mail        |   104 |    70 |    46 ||   220
Dodge: Dodged            |    75 |    54 |    44 ||   173
Block: Shield            |    74 |    86 |    75 ||   235
